AoeStats
← martijn

Black Forest

509871438Analyzed
4v4 RM · 3d ago on Sep 28, 2026· 43m 27s· 8 players
Game mode
Random Map
Map size
Large (8 player)
Population
200
Speed
Normal
Resources
Standard
Victory
Conquest
Starting age
Dark Age
Ending age
Imperial Age
RankedLock teamsTeams togetherTeam positionsShared explorationLock speedFull tech treeHidden civsTurbo modeCheats
Victory
Defeat
🇨🇳 Chinese · China
1033
+16
🇳🇮 Khmer · Nicaragua
964
+18
🇨🇴 Cumans · Colombia
907
+21
🇮🇩 Portuguese · Indonesia
888
+21
🇹🇷 Lithuanians · Türkiye
1063
-21
🇷🇺 Bohemians · Russia
1004
-19
🇳🇱 Khmer · Netherlands
1001
-18
🇳🇴 Huns · Norway
996
-18
espen25hansen
0:33 Loom
11:45 Feudal Age
17:06 Castle Age
16:33 Double-Bit Axe
18:26 Wheelbarrow
24:16 Bow Saw
25:36 Horse Collar
26:31 Heavy Plow
30:29 Imperial Age
28:11 Gold Mining
29:34 Gold Shaft Mining
28:52 Fletching
29:02 Padded Archer Armor
29:44 Hand Cart
30:03 Town Watch
30:22 Bodkin Arrow
30:42 Leather Archer Armor
30:59 Ballistics
31:08 Thumb Ring
32:39 Chemistry
32:36 Parthian Tactics
32:48 Bracer
32:36 Heavy Cavalry Archer
34:05 Conscription
34:14 Husbandry
34:25 Bloodlines
36:20 Elite Tarkan
37:13 Forging
37:09 Scale Barding Armor
39:04 Iron Casting
39:37 Chain Barding Armor
40:07 Marauders
42:00 Blast Furnace
41:36 Plate Barding Armor
martijn
2:49 Loom
13:40 Feudal Age
15:19 Wheelbarrow
18:39 Castle Age
16:56 Stone Mining
17:32 Double-Bit Axe
17:30 Horse Collar
19:37 Hand Cart
20:20 Stone Shaft Mining
20:15 Town Watch
25:12 Town Patrol
26:44 Heavy Plow
27:17 Bow Saw
27:39 Gold Mining
32:31 Imperial Age
31:18 Bloodlines
32:49 Scale Barding Armor
32:54 Forging
33:24 Husbandry
34:14 Cavalier
35:37 Gold Shaft Mining
aragorn
0:55 Loom
13:25 Feudal Age
15:58 Wheelbarrow
16:32 Stone Mining
18:56 Castle Age
16:44 Double-Bit Axe
17:29 Stone Mining
18:05 Horse Collar
22:26 Bow Saw
24:05 Heavy Plow
27:09 Gold Mining
27:08 Fishing Lines
31:43 Bloodlines
31:33 Husbandry
31:46 Fletching
32:42 Scale Barding Armor
33:01 Bodkin Arrow
33:12 Murder Holes
34:47 Chain Barding Armor
38:19 Imperial Age
36:39 Padded Archer Armor
36:03 Elite Skirmisher
37:25 Ballistics
39:10 Leather Archer Armor
40:22 Chemistry
41:12 Bracer
42:27 Ring Archer Armor
Gametofit
11:09 Feudal Age
12:35 Double-Bit Axe
12:45 Horse Collar
19:52 Castle Age
19:44 Fletching
20:08 Forging
20:52 Wheelbarrow
22:17 Fervor
24:41 Chemistry
24:46 Squires
25:08 Hand Cart
25:42 Loom
26:19 Bow Saw
26:20 Heavy Plow
26:49 Bodkin Arrow
26:17 Pikeman
27:44 Caravan
30:15 Padded Archer Armor
32:48 Imperial Age
31:18 Leather Archer Armor
31:47 Iron Casting
36:20 Elite Skirmisher
37:20 Houfnice
38:03 Bracer
38:02 Halberdier
CARBON
0:31 Loom
13:10 Feudal Age
19:13 Castle Age
17:29 Horse Collar
17:42 Double-Bit Axe
18:17 Stone Mining
21:17 Bow Saw
20:55 Fishing Lines
23:54 Stone Shaft Mining
24:21 Wheelbarrow
24:04 Fletching
26:08 Bodkin Arrow
26:52 Gillnets
28:11 Masonry
28:32 Gold Mining
30:04 Gold Shaft Mining
30:01 Hand Cart
30:21 Padded Archer Armor
29:48 Crossbowman
30:36 Thumb Ring
32:26 Ballistics
32:36 Leather Archer Armor
38:46 Imperial Age
38:50 Elite Chu Ko Nu
39:51 Conscription
40:33 Chemistry
39:36 Bracer
40:06 Ring Archer Armor
39:30 Elite Chu Ko Nu
41:11 Arrowslits
43:18 Two-Man Saw
42:38 Heavy Plow
ayon
0:36 Loom
12:07 Feudal Age
12:56 Double-Bit Axe
19:28 Castle Age
19:00 Stone Mining
19:03 Gold Mining
21:10 Wheelbarrow
20:21 Town Watch
20:53 Bow Saw
28:26 Imperial Age
28:25 Heated Shot
28:47 Masonry
29:59 Siege Engineers
31:53 Hand Cart
31:38 Town Patrol
33:55 Two-Man Saw
34:16 Chemistry
34:04 Ballistics
34:44 Arquebus
36:24 Architecture
38:10 Elite Organ Gun
39:14 Forging
39:04 Scale Mail Armor
39:10 Scale Barding Armor
WololoJedi
1:42 Loom
11:33 Feudal Age
13:07 Wheelbarrow
12:30 Double-Bit Axe
13:00 Fishing Lines
16:51 Horse Collar
22:01 Castle Age
21:16 Forging
21:30 Gold Mining
22:12 Stone Mining
22:58 Gillnets
24:57 Bow Saw
26:33 Heavy Plow
26:58 Hand Cart
31:20 Imperial Age
28:58 Steppe Husbandry
29:29 Pikeman
30:10 Squires
29:55 Arson
29:31 Man-at-Arms
31:01 Caravan
31:32 Coinage
31:28 Heated Shot
31:59 Ballistics
31:50 Masonry
31:36 Murder Holes
32:23 Conscription
33:10 Hoardings
32:04 Light Cavalry
32:55 Bloodlines
33:03 Sappers
33:49 Clinker Construction
34:42 Chemistry
34:02 Onager
34:02 Capped Ram
34:36 Elite Steppe Lancer
36:35 Iron Casting
36:06 Scale Barding Armor
36:01 Scale Mail Armor
35:52 Fletching
36:02 Padded Archer Armor
37:20 Hussar
37:20 Cavalier
39:16 Chain Barding Armor
39:57 Blast Furnace
38:52 Bodkin Arrow
39:13 Chain Mail Armor
40:40 Siege Onager
Legolas
14:40 Feudal Age
18:06 Castle Age
16:17 Fishing Lines
20:07 Gillnets
22:50 Double-Bit Axe
27:44 Imperial Age
26:11 Gold Mining
26:34 Bow Saw
28:01 Gold Shaft Mining
31:05 Conscription
31:29 Heavy Scorpion
35:07 Double Crossbow
37:33 Siege Engineers
38:30 Chemistry
40:48 Wheelbarrow
39:58 Town Watch
43:00 Town Patrol
Connection lost

Rejoining the realm…

Still unreachable

The connection could not be restored.

Session expired

The server has moved on; the page needs a fresh start.